AoeStats
← 2567359202

Black Forest

508604179Analyzed
4v4 RM · 11d ago on Sep 23, 2026· 79m 28s· 8 players
Game mode
Random Map
Map size
Large (8 player)
Population
200
Speed
Normal
Resources
Standard
Victory
Conquest
Starting age
Dark Age
Ending age
Imperial Age
RankedLock teamsTeams togetherTeam positionsShared explorationLock speedFull tech treeHidden civsTurbo modeCheats
Victory
Defeat
🇬🇷 Byzantines · Greece
900
+16
🇨🇳 Khmer · China
887
+17
🇨🇳 Persians · China
867
+18
🇨🇳 Franks · China
784
+21
🇨🇳 Spanish · China
987
-21
🇨🇳 Saxons · China
977
-21
🇵🇪 Mongols · Peru
875
-17
🇨🇿 Turks · Czechia
779
-13
balkania
3:10 Loom
13:41 Feudal Age
15:29 Horse Collar
19:02 Castle Age
18:07 Double-Bit Axe
25:13 Scale Barding Armor
28:33 Chain Barding Armor
33:48 Imperial Age
31:43 Heavy Plow
31:59 Forging
33:57 Husbandry
34:54 Conscription
34:07 Heavy Camel Rider
36:15 Wheelbarrow
37:23 Plate Barding Armor
37:24 Iron Casting
37:45 Hand Cart
38:41 Logistica
41:38 Elite Cataphract
43:07 Gold Mining
43:23 Caravan
45:44 Chemistry
44:43 Murder Holes
44:30 Treadmill Crane
45:02 Fortified Wall
44:45 Guard Tower
45:19 Ballistics
45:14 Careening
45:17 Clinker Construction
48:13 Bow Saw
57:42 Guilds
74:12 Light Cavalry
75:32 Light Cavalry
76:13 Hussar
2567359202
11:00 Feudal Age
11:06 Feudal Age
16:03 Castle Age
13:58 Horse Collar
14:05 Double-Bit Axe
18:19 Heavy Plow
23:06 Wheelbarrow
24:52 Hand Cart
24:24 Loom
25:06 Scale Barding Armor
27:31 Gold Mining
27:32 Stone Mining
32:02 Imperial Age
29:30 Town Watch
31:02 Murder Holes
32:51 Chain Barding Armor
32:41 Forging
32:53 Citadels
33:07 Husbandry
33:48 Conscription
34:03 Bloodlines
34:50 Crop Rotation
35:25 Town Patrol
36:04 Plate Barding Armor
35:35 Elite War Elephant
36:48 Caravan
41:17 Iron Casting
42:03 Chemistry
41:25 Ballistics
42:02 Heavy Camel Rider
44:24 Heated Shot
50:34 Kamandaran
51:17 Fletching
51:27 Padded Archer Armor
51:28 Scale Mail Armor
52:29 Blast Furnace
52:17 Thumb Ring
51:34 Crossbowman
54:10 Padded Archer Armor
54:00 Fletching
54:12 Scale Mail Armor
55:45 Bodkin Arrow
56:05 Leather Archer Armor
61:47 Ring Archer Armor
61:33 Chain Mail Armor
76:18 Light Cavalry
78:24 Hussar
小迟爱吃
13:34 Feudal Age
15:10 Wheelbarrow
14:22 Double-Bit Axe
17:49 Castle Age
19:21 Hand Cart
22:04 Bow Saw
23:56 Gold Mining
26:30 Gold Shaft Mining
25:47 Stone Mining
25:46 Town Watch
26:31 Town Patrol
26:17 Loom
26:59 Forging
29:04 Iron Casting
29:23 Fortified Wall
30:19 Caravan
30:55 Scale Barding Armor
32:24 Husbandry
32:49 Chain Barding Armor
35:52 Imperial Age
33:08 Treadmill Crane
33:46 Light Cavalry
35:51 Murder Holes
35:58 Cavalier
37:42 Blast Furnace
37:10 Conscription
37:54 Plate Barding Armor
38:07 Chivalry
38:14 Fletching
38:36 Padded Archer Armor
38:00 Paladin
42:38 Hoardings
42:00 Bodkin Arrow
42:24 Leather Archer Armor
45:08 Chemistry
61:11 Devotion
64:10 Faith
65:10 Coinage
67:47 Banking
68:05 Heresy
Iluvatar
9:38 Feudal Age
15:32 Castle Age
13:40 Double-Bit Axe
13:39 Horse Collar
17:08 Bow Saw
17:00 Heavy Plow
23:12 Gold Mining
29:06 Imperial Age
28:18 Wheelbarrow
27:29 Town Watch
27:47 Scale Mail Armor
28:08 Forging
28:04 Padded Archer Armor
28:13 Scale Barding Armor
29:36 Caravan
30:13 Iron Casting
29:36 Loom
30:56 Hand Cart
31:18 Gold Shaft Mining
30:37 Stone Mining
31:52 Crop Rotation
32:30 Town Patrol
32:33 Elite Battle Elephant
33:36 Conscription
33:18 Tusk Swords
33:20 Double Crossbow
32:42 Elite Ballista Elephant
33:48 Bloodlines
33:39 Husbandry
34:06 Light Cavalry
35:22 Hoardings
36:03 Blast Furnace
35:24 Chain Barding Armor
35:19 Leather Archer Armor
34:55 Fletching
35:49 Ballistics
36:29 Chemistry
35:37 Siege Engineers
36:01 Hussar
38:53 Plate Barding Armor
38:41 Masonry
38:30 Murder Holes
38:18 Elite Skirmisher
40:22 Bodkin Arrow
40:58 Ring Archer Armor
53:25 Capped Ram
54:22 Siege Ram
amx™ (SPREAD LOVE)
13:42 Feudal Age
12:54 Loom
17:37 Double-Bit Axe
21:17 Castle Age
19:15 Horse Collar
19:33 Gold Mining
21:05 Stone Mining
28:45 Padded Archer Armor
31:57 Imperial Age
30:53 Wheelbarrow
30:21 Loom
30:51 Bow Saw
30:46 Heavy Plow
31:28 Gold Shaft Mining
33:10 Scale Mail Armor
33:19 Elite Janissary
35:03 Hand Cart
35:59 Two-Man Saw
34:48 Town Watch
38:35 Squires
42:20 Artillery
42:44 Caravan
风吹奶罩飘
14:04 Feudal Age
15:37 Loom
17:57 Castle Age
17:28 Horse Collar
17:40 Double-Bit Axe
20:28 Bow Saw
21:55 Padded Archer Armor
25:28 Horse Collar
31:50 Wheelbarrow
32:00 Heavy Plow
35:02 Imperial Age
34:57 Hand Cart
35:00 Leather Archer Armor
36:37 Fortified Wall
37:53 Conscription
37:39 Inquisition
37:45 Inquisition
39:38 Fletching
40:27 Block Printing
40:32 Fervor
41:32 Two-Man Saw
40:31 Gold Mining
41:08 Stone Mining
42:29 Hoardings
43:26 Elite Conquistador
45:15 Chemistry
44:35 Ballistics
43:41 Onager
47:37 Arrowslits
48:14 Bombard Tower
47:42 Arrowslits
49:33 Caravan
50:13 Masonry
50:49 Sanctity
53:33 Architecture
56:10 Bodkin Arrow
56:46 Ring Archer Armor
57:47 Onager
72:58 Architecture
79:12 Forging
79:08 Scale Barding Armor
踏天南
11:48 Feudal Age
15:50 Castle Age
14:19 Double-Bit Axe
14:38 Horse Collar
17:03 Wheelbarrow
17:06 Heavy Plow
17:44 Bow Saw
24:27 Hand Cart
24:33 Loom
26:02 Gold Mining
26:03 Stone Mining
33:33 Imperial Age
30:55 Town Watch
31:58 Ballistics
32:14 Clerical Recruitment
33:29 Fletching
33:41 Padded Archer Armor
33:44 Scale Mail Armor
33:54 Forging
33:43 Murder Holes
33:59 Fortified Wall
33:58 Squires
33:44 Arson
34:57 Conscription
34:00 Shield Wall
35:44 Chemistry
34:51 Siege Engineers
34:33 Arrowslits
34:39 Guard Tower
35:00 Masonry
36:35 Two-Man Saw
36:08 Crop Rotation
35:55 Chain Mail Armor
36:16 Iron Casting
35:48 Caravan
36:19 Coinage
36:01 Guilds
35:34 Treadmill Crane
36:35 Gold Shaft Mining
35:52 Gambesons
35:29 Elite Varangian Guard
35:41 Pikeman
36:39 Bodkin Arrow
37:15 Plate Mail Armor
38:10 Banking
37:22 Halberdier
38:14 Bracer
39:35 Hoardings
39:20 Padded Archer Armor
40:55 Keep
39:49 Clerical Recruitment
41:02 Thumb Ring
40:23 Cranequins
40:24 Heavy Mounted Crossbowman
42:38 Leather Archer Armor
42:28 Scale Barding Armor
44:27 Ring Archer Armor
44:18 Chain Barding Armor
44:33 Architecture
44:45 Onager
44:55 Capped Ram
48:23 Siege Ram
49:09 Heavy Scorpion
64:00 Elite Skirmisher
65:37 Heated Shot
LitiumJCH
9:30 Loom
11:53 Feudal Age
17:23 Castle Age
16:32 Double-Bit Axe
16:56 Scale Barding Armor
17:53 Gold Mining
23:20 Chain Barding Armor
24:14 Bow Saw
26:15 Horse Collar
27:11 Padded Archer Armor
30:39 Heavy Plow
34:28 Imperial Age
36:55 Conscription
37:06 Leather Archer Armor
36:42 Fletching
38:13 Wheelbarrow
37:24 Town Watch
38:08 Drill
37:32 Heavy Camel Rider
38:23 Bloodlines
38:16 Husbandry
38:18 Bodkin Arrow
39:27 Chemistry
38:48 Ballistics
38:37 Siege Engineers
38:43 Fortified Wall
39:57 Bracer
40:47 Coinage
42:42 Masonry
45:16 Elite Mangudai
45:30 Capped Ram
46:36 Heavy Scorpion
47:54 Hand Cart
47:44 Town Patrol
48:13 Onager
52:48 Siege Onager
57:57 Siege Ram
65:47 Banking
65:18 Caravan
65:44 Light Cavalry
Connection lost

Rejoining the realm…

Still unreachable

The connection could not be restored.

Session expired

The server has moved on; the page needs a fresh start.